[Event "December 5 Early 2023"]
[Site "https://www.chess.com"]
[Date "2023.12.05"]
[Round "5"]
[White "Todorovic, Bojan"]
[Black "Wagner, Dennis"]
[Result "0-1"]
[Board "55"]
[TimeControl "180+1"]
[WhiteFideId "917087"]
[BlackFideId "24650684"]
[WhiteElo "2442"]
[BlackElo "2765"]
[WhiteTeam "SRB"]
[BlackTeam "GER"]
[WhiteClock "0:00:47"]
[BlackClock "0:00:40"]

1. Nf3 g6 2. c4 Bg7 3. Nc3 c5 4. g3 Nc6 5. Bg2 d6 6. O-O Bf5 7. d3 Qd7 8. Re1 Bh3 9. Bh1 Nf6 10. Bg5 h6 11. Bxf6 Bxf6 12. Rb1 Bg7 13. Qd2 O-O 14. Nd5 Rab8 15. b4 cxb4 16. Nxb4 Nxb4 17. Qxb4 b6 18. e3 Rfc8 19. Nd4 Rc5 20. Nb5 Rbc8 21. Nc3 Bxc3 22. Qxc3 b5 23. Rec1 bxc4 24. dxc4 Qa4 25. Qb3 Rxc4 26. Rxc4 Qxc4 27. Qxc4 Rxc4 28. Bd5 Rc5 29. Bb3 a5 30. f3 h5 31. Kf2 Kg7 32. g4 hxg4 33. Kg3 f5 34. Rd1 Rc3 35. Re1 Kf6 36. f4 g5 37. Re2 gxf4+ 38. Kxf4 e5+ 39. Kg3 0-1

[Event "December 5 Early 2023"]
[Site "https://www.chess.com"]
[Date "2023.12.05"]
[Round "5"]
[White "Wagh Suyog"]
[Black "Sai Han Thiha"]
[Result "1-0"]
[Board "56"]
[TimeControl "180+1"]
[WhiteFideId "25071688"]
[BlackFideId "13012290"]
[WhiteElo "2763"]
[BlackElo "2430"]
[WhiteTeam "IND"]
[BlackTeam "MYA"]
[WhiteClock "0:01:38"]
[BlackClock "0:00:00"]

1. e4 c6 2. d4 d5 3. e5 c5 4. dxc5 e6 5. Be3 Nd7 6. b4 Qc7 7. f4 a5 8. c3 axb4 9. cxb4 b6 10. Nc3 bxc5 11. Nb5 Qb8 12. bxc5 Nxc5 13. Rb1 Nb7 14. Qc2 Ra3 15. Nxa3 Bxa3 16. Qa4+ 1-0

[Event "December 5 Early 2023"]
[Site "https://www.chess.com"]
[Date "2023.12.05"]
[Round "5"]
[White "Bolat, Inayat"]
[Black "Sokolovsky, Yahli"]
[Result "0-1"]
[Board "57"]
[TimeControl "180+1"]
[WhiteFideId "13733125"]
[BlackFideId "2820242"]
[WhiteElo "2418"]
[BlackElo "2761"]
[WhiteTeam "KAZ"]
[BlackTeam "ISR"]
[WhiteClock "0:00:00"]
[BlackClock "0:00:32"]

1. e4 d6 2. d4 g6 3. Nc3 Bg7 4. Be3 a6 5. Qd2 b5 6. O-O-O Bb7 7. f3 Nd7 8. h4 h5 9. Nh3 Rc8 10. Ng5 c5 11. e5 dxe5 12. dxc5 Ngf6 13. Bd3 O-O 14. g4 Nxc5 15. Bxc5 Rxc5 16. Qf2 Rxc3 17. gxh5 Rxd3 18. Rxd3 Qa5 19. hxg6 fxg6 20. Ra3 Qb4 21. Rb3 Qf4+ 22. Kb1 Ne4 23. Nxe4 Bxe4 24. Rf1 Bf5 25. Re3 Qc4 26. Rc3 Qf4 27. Rc5 Rd8 28. Re1 Rd2 29. Qf1 Qxh4 0-1

[Event "December 5 Early 2023"]
[Site "https://www.chess.com"]
[Date "2023.12.05"]
[Round "5"]
[White "Gabrielian, Artur"]
[Black "Seder, Mohammed"]
[Result "1-0"]
[Board "58"]
[TimeControl "180+1"]
[WhiteFideId "4131002"]
[BlackFideId "11505567"]
[WhiteElo "2740"]
[BlackElo "2374"]
[WhiteTeam "RUS"]
[BlackTeam "PLE"]
[WhiteClock "0:01:44"]
[BlackClock "0:00:00"]

1. e4 c5 2. Nf3 Nc6 3. Bb5 g6 4. O-O Bg7 5. d3 Nf6 6. Nc3 d6 7. e5 dxe5 8. Nxe5 Bd7 9. Bxc6 bxc6 10. Qf3 Rc8 11. Bg5 O-O 12. Rfe1 h6 13. Be3 Nd5 14. Bxc5 Be6 15. d4 Nxc3 16. Qxc3 a6 17. Qa3 Re8 18. Qxa6 Bd5 19. Qd3 e6 20. c4 Qg5 21. cxd5 cxd5 22. Qf3 f5 23. a4 Qd2 24. Qe2 Qg5 25. a5 Qf6 26. a6 g5 27. a7 g4 28. b4 h5 29. b5 h4 30. b6 g3 31. h3 gxf2+ 32. Qxf2 Bf8 33. b7 Bxc5 34. dxc5 1-0

[Event "December 5 Early 2023"]
[Site "https://www.chess.com"]
[Date "2023.12.05"]
[Round "5"]
[White "YurasovMat-2012"]
[Black "Sahakyan, Aleks"]
[Result "0-1"]
[Board "59"]
[TimeControl "180+1"]
[BlackFideId "13316338"]
[WhiteElo "2342"]
[BlackElo "2729"]
[BlackTeam "ARM"]
[WhiteClock "0:00:25"]
[BlackClock "0:00:03"]

1. e4 c5 2. Nf3 Nc6 3. g3 g6 4. Bg2 Bg7 5. O-O d6 6. c3 Nf6 7. Re1 e5 8. d4 cxd4 9. cxd4 Bg4 10. dxe5 dxe5 11. Qxd8+ Rxd8 12. Nc3 O-O 13. Bg5 h6 14. Be3 Nd4 15. Bxd4 exd4 16. Nb5 Bxf3 17. Bxf3 a6 18. Na3 Nd7 19. Rad1 b5 20. Nc2 Nc5 21. b3 d3 22. Ne3 d2 23. Rf1 Bc3 24. Nd5 b4 25. Bg2 Rfe8 26. f3 Nd3 27. f4 Nb2 28. Rb1 f6 29. Bf3 Kf7 30. f5 Re5 31. g4 g5 32. Kf2 a5 33. h4 Nd3+ 34. Kg2 Ne1+ 35. Kf2 gxh4 36. Rd1 Rdxd5 37. exd5 Bd4# 0-1

[Event "December 5 Early 2023"]
[Site "https://www.chess.com"]
[Date "2023.12.05"]
[Round "5"]
[White "Mamedov, Edgar"]
[Black "Gruzman, Ilya"]
[Result "1-0"]
[Board "60"]
[TimeControl "180+1"]
[WhiteFideId "13739980"]
[BlackFideId "2812703"]
[WhiteElo "2729"]
[BlackElo "2333"]
[WhiteTeam "KAZ"]
[BlackTeam "ISR"]
[WhiteClock "0:00:40"]
[BlackClock "0:00:06"]

1. d4 Nf6 2. Bg5 d5 3. Nd2 g6 4. Bxf6 exf6 5. e3 Bg7 6. g3 O-O 7. Bg2 b6 8. c4 Bb7 9. Ne2 c6 10. cxd5 cxd5 11. Nc3 Qd7 12. O-O Na6 13. Rc1 Nc7 14. Qf3 Rfd8 15. Ne2 Rac8 16. Rc3 Ne6 17. h4 h5 18. Rfc1 Rxc3 19. Rxc3 Rc8 20. Rxc8+ Qxc8 21. Nc3 Nc7 22. Qd1 Qe6 23. Ne2 Bh6 24. Qa4 a6 25. Qc2 Qd6 26. a3 Ne6 27. b4 Bc6 28. Nb1 Bb5 29. Nec3 Bc4 30. Nd2 b5 31. Nb3 Bf8 32. Qd1 Qc6 33. Na5 Qc7 34. Nxd5 Bxd5 35. Bxd5 Qc3 36. Nb3 Bd6 37. Nc5 Nc7 38. Bb3 Qb2 39. Qd3 Kg7 40. Bd1 Nd5 41. Qb3 Qc1 42. Qxd5 Qxd1+ 43. Kg2 Bxg3 44. Kxg3 Qg4+ 45. Kh2 Qxh4+ 46. Kg1 Qg4+ 47. Qg2 Qd1+ 48. Kh2 Qc1 49. d5 Qxa3 50. Qe4 Qb2 51. Kg2 Qc1 52. d6 Qd1 53. d7 f5 54. Qd4+ Kh7 55. Qxd1 1-0

[Event "December 5 Early 2023"]
[Site "https://www.chess.com"]
[Date "2023.12.05"]
[Round "5"]
[White "Borawski, Jakub"]
[Black "Hua, Lefong"]
[Result "0-1"]
[Board "61"]
[TimeControl "180+1"]
[WhiteFideId "1143000"]
[BlackFideId "2602253"]
[WhiteElo "2255"]
[BlackElo "2713"]
[WhiteTeam "POL"]
[BlackTeam "CAN"]
[WhiteClock "0:00:09"]
[BlackClock "0:00:11"]

1. e4 c5 2. Nf3 g6 3. d4 cxd4 4. Nxd4 Bg7 5. Nc3 Nc6 6. Nde2 Nf6 7. g3 O-O 8. Bg2 d6 9. O-O Rb8 10. a4 a6 11. Nd5 Nd7 12. Ra2 b5 13. axb5 axb5 14. c3 b4 15. Bg5 Re8 16. Qd2 bxc3 17. bxc3 Nc5 18. Nd4 Nxd4 19. cxd4 Nb3 20. Qd3 Nxd4 21. Ra7 Nc6 22. Rc7 Nb4 23. Qc4 Nxd5 24. exd5 Ba6 25. Qxa6 Qxc7 26. Re1 Bf6 27. Bf4 Qc3 28. Rc1 Qd4 29. Be3 Qb2 30. Rd1 Qc2 31. Rc1 Rb1 32. Qa3 Rxc1+ 33. Bxc1 Rb8 34. Bh6 Bg7 35. Bxg7 Rb1+ 36. Bf1 Kxg7 37. h4 Qc1 38. Qa6 Qc3 39. Kh2 Qd4 40. Qe2 Qe5 41. Qc2 Rxf1 0-1

[Event "December 5 Early 2023"]
[Site "https://www.chess.com"]
[Date "2023.12.05"]
[Round "5"]
[White "Bluebaum, Matthias"]
[Black "Kuzhylnyi, Oleksandr"]
[Result "1-0"]
[Board "62"]
[TimeControl "180+1"]
[WhiteFideId "24651516"]
[BlackFideId "34110500"]
[WhiteElo "3032"]
[BlackElo "2649"]
[WhiteTeam "GER"]
[BlackTeam "UKR"]
[WhiteClock "0:01:33"]
[BlackClock "0:00:09"]

1. d4 d5 2. c4 c6 3. Nf3 Nf6 4. Nc3 e6 5. Qc2 dxc4 6. e4 b5 7. Be2 Be7 8. O-O O-O 9. e5 Nd5 10. Ne4 h6 11. b3 cxb3 12. axb3 Bb7 13. Bd2 Nd7 14. Qc1 Re8 15. Bxh6 gxh6 16. Qxh6 f6 17. Qg6+ Kh8 18. Nh4 Nf8 19. Qh6+ Kg8 20. Ng6 Nxg6 21. Qxg6+ Kh8 22. Rfd1 Bf8 23. exf6 Nf4 24. Qg4 Nxe2+ 25. Qxe2 Qd5 26. Rd3 Bh6 27. Rh3 Kh7 28. Qe3 1-0

[Event "December 5 Early 2023"]
[Site "https://www.chess.com"]
[Date "2023.12.05"]
[Round "5"]
[White "Xiong, Jeffery"]
[Black "Antunez Soler, Luis"]
[Result "1/2-1/2"]
[Board "63"]
[TimeControl "180+1"]
[WhiteFideId "2047640"]
[BlackFideId "3513335"]
[WhiteElo "2999"]
[BlackElo "2649"]
[WhiteTeam "USA"]
[BlackTeam "CUB"]
[WhiteClock "0:01:37"]
[BlackClock "0:00:05"]

1. e4 e6 2. d4 d5 3. exd5 exd5 4. Nf3 Bg4 5. h3 Bh5 6. Nc3 Bb4 7. g4 Bg6 8. Ne5 Nf6 9. Bg5 Qd6 10. Bg2 Bxc3+ 11. bxc3 Ne4 12. Bd2 O-O 13. O-O Nc6 14. f4 Nxd2 15. Qxd2 Nxe5 16. dxe5 Qb6+ 17. Kh2 Be4 18. Rae1 Bxg2 19. Kxg2 Rad8 20. f5 d4 21. f6 Qc6+ 22. Kg1 Qxc3 23. Qf4 Qxh3 24. Re2 Qh6 25. Qe4 Qg6 26. Qxb7 d3 27. cxd3 Rxd3 28. Rg2 Rfd8 29. Qxc7 Rd2 30. Rxd2 Qxg4+ 31. Kh1 Qh3+ 32. Kg1 Qg4+ 33. Rg2 Qd4+ 34. Kh1 Qh4+ 35. Rh2 Qe4+ 36. Kg1 Qg4+ 37. Kf2 Qf4+ 38. Ke1 Qe3+ 39. Re2 Qg3+ 40. Rff2 Qg1+ 41. Rf1 Qg3+ 42. Ref2 Qe3+ 43. Re2 Qg3+ 1/2-1/2

[Event "December 5 Early 2023"]
[Site "https://www.chess.com"]
[Date "2023.12.05"]
[Round "5"]
[White "Moksh Amit Doshi"]
[Black "Sarana, Alexey"]
[Result "0-1"]
[Board "64"]
[TimeControl "180+1"]
[WhiteFideId "25064967"]
[BlackFideId "24133795"]
[WhiteElo "2638"]
[BlackElo "2984"]
[WhiteTeam "IND"]
[BlackTeam "SRB"]
[WhiteClock "0:00:19"]
[BlackClock "0:01:18"]

1. d4 Nf6 2. c4 e6 3. Nf3 d5 4. g3 Be7 5. Bg2 O-O 6. O-O dxc4 7. Qc2 a6 8. a4 Bd7 9. Qxc4 b5 10. Qc2 Nc6 11. Bf4 Nd5 12. Bd2 Ncb4 13. Qd1 bxa4 14. e4 Nf6 15. Ne5 Bb5 16. Re1 Qxd4 17. Bc3 Qxd1 18. Rxd1 Rfd8 19. Na3 c5 20. Rdc1 Rac8 21. Nxb5 axb5 22. Bxb4 cxb4 23. Nc6 Rxc6 24. Rxc6 Rd2 25. Rc8+ Bf8 26. e5 Ng4 27. Bc6 Rxb2 28. Bxb5 a3 29. Bc4 Nxe5 30. Ba2 g6 31. Rb8 Kg7 32. Kg2 Bc5 0-1

[Event "December 5 Early 2023"]
[Site "https://www.chess.com"]
[Date "2023.12.05"]
[Round "5"]
[White "Ambartsumova, Karina"]
[Black "Donchenko, Alexander"]
[Result "0-1"]
[Board "65"]
[TimeControl "180+1"]
[WhiteFideId "4166299"]
[BlackFideId "24603295"]
[WhiteElo "2626"]
[BlackElo "2905"]
[WhiteTeam "RUS"]
[BlackTeam "GER"]
[WhiteClock "0:00:00"]
[BlackClock "0:00:47"]

1. d4 Nf6 2. c4 g6 3. Nc3 Bg7 4. Nf3 O-O 5. g3 Nc6 6. Bg2 d5 7. cxd5 Nxd5 8. e4 Nxc3 9. bxc3 e5 10. d5 Na5 11. Qe2 c6 12. c4 b5 13. cxb5 cxd5 14. Bd2 dxe4 15. Ng5 f5 16. O-O Kh8 17. Rfd1 Nb7 18. h4 Qf6 19. Bb4 Re8 20. Qc4 h6 21. Nf7+ Kh7 22. Nd6 Nxd6 23. Bxd6 Be6 24. Qb4 Bg8 25. a4 g5 26. hxg5 Qxg5 27. a5 e3 28. Bxa8 exf2+ 29. Kxf2 Rxa8 30. b6 f4 31. gxf4 Qh4+ 32. Kg1 Qg3+ 33. Kh1 Qf3+ 34. Kg1 axb6 35. Bxe5 Bxe5 36. fxe5 Bf7 0-1

[Event "December 5 Early 2023"]
[Site "https://www.chess.com"]
[Date "2023.12.05"]
[Round "5"]
[White "Gokerkan, Cem Kaan"]
[Black "Espinoza Villanueva, Rodrigo"]
[Result "1-0"]
[Board "66"]
[TimeControl "180+1"]
[WhiteFideId "6336760"]
[BlackFideId "5140188"]
[WhiteElo "2864"]
[BlackElo "2610"]
[WhiteTeam "TUR"]
[BlackTeam "MEX"]
[WhiteClock "0:01:43"]
[BlackClock "0:01:19"]

1. e4 c5 2. Nf3 d6 3. d4 cxd4 4. Nxd4 Nf6 5. Nc3 a6 6. Bc4 e6 7. Be3 Nbd7 8. Bxe6 fxe6 9. Nxe6 Qa5 10. O-O Nc5 11. Nxf8 Rxf8 12. Qxd6 Ne6 13. Nd5 Nxd5 14. exd5 Qc7 15. Qb4 Qe7 16. Qxe7+ Kxe7 17. dxe6 Bxe6 18. Bc5+ 1-0

[Event "December 5 Early 2023"]
[Site "https://www.chess.com"]
[Date "2023.12.05"]
[Round "5"]
[White "Ovetchkin, Roman"]
[Black "Kazakouski, Valery"]
[Result "0-1"]
[Board "67"]
[TimeControl "180+1"]
[WhiteFideId "4119991"]
[BlackFideId "13507443"]
[WhiteElo "2650"]
[BlackElo "2860"]
[WhiteTeam "RUS"]
[BlackTeam "LTU"]
[WhiteClock "0:00:00"]
[BlackClock "0:00:58"]

1. d4 Nf6 2. c4 e6 3. g3 d5 4. Bg2 dxc4 5. Nf3 a6 6. O-O Nc6 7. Bg5 Rb8 8. e3 b5 9. b3 cxb3 10. axb3 Bb7 11. Nbd2 Nb4 12. e4 Be7 13. e5 Nd7 14. h4 O-O 15. Qb1 h6 16. Bxe7 Qxe7 17. Rc1 c5 18. Ne4 cxd4 19. Rc7 Rfc8 20. Rxb7 Rxb7 21. Nd6 Rbc7 22. Nxc8 Rxc8 23. Nxd4 Nxe5 24. Qe4 Qf6 25. Rf1 Rd8 26. Nxb5 Ned3 27. Na3 Qc3 28. Nc4 Qxb3 29. Ne3 a5 30. Qb7 a4 31. Qe7 Rf8 32. Be4 a3 33. Ng4 Rc8 0-1

[Event "December 5 Early 2023"]
[Site "https://www.chess.com"]
[Date "2023.12.05"]
[Round "5"]
[White "Bacrot, Etienne"]
[Black "Novoselov, Roman"]
[Result "1-0"]
[Board "68"]
[TimeControl "180+1"]
[WhiteFideId "605506"]
[BlackFideId "4135067"]
[WhiteElo "2829"]
[BlackElo "2570"]
[WhiteTeam "FRA"]
[BlackTeam "RUS"]
[WhiteClock "0:00:04"]
[BlackClock "0:00:08"]

1. e4 e6 2. d3 d5 3. Nd2 Nf6 4. g3 Nbd7 5. Bg2 c5 6. Ngf3 Qc7 7. O-O Be7 8. Re1 O-O 9. c3 Re8 10. e5 Ng4 11. d4 Nh6 12. Nf1 Nf5 13. g4 Nh6 14. h3 b5 15. Ng3 a5 16. Nh5 Bf8 17. Bxh6 gxh6 18. Qd2 b4 19. Rac1 bxc3 20. bxc3 Ba6 21. g5 hxg5 22. Qxg5+ Kh8 23. Qf4 Bd3 24. Nh4 Bg6 25. Ng3 Bg7 26. c4 dxc4 27. Bxa8 Rxa8 28. Rxc4 Bd3 29. Qf3 Bxc4 30. Qxa8+ Bf8 31. dxc5 Bd5 32. Qe8 Kg7 33. Nh5+ Kh6 34. Nf6 Nxf6 35. Qxf8+ Kg5 36. Qg7+ Kxh4 37. Qxf6+ Kh5 38. Re3 Qxc5 39. Qxf7+ Kh6 40. Qf4+ Kh5 41. Qg4+ Kh6 42. Qh4+ Kg6 43. Rg3+ Kf5 44. Rg5# 1-0

[Event "December 5 Early 2023"]
[Site "https://www.chess.com"]
[Date "2023.12.05"]
[Round "5"]
[White "IM_ArthurDW08"]
[Black "Mendez Fortes, Eduardo Jesus"]
[Result "1-0"]
[Board "69"]
[TimeControl "180+1"]
[BlackFideId "3502376"]
[WhiteElo "2802"]
[BlackElo "2567"]
[BlackTeam "CUB"]
[WhiteClock "0:00:55"]
[BlackClock "0:01:39"]

1. e4 e5 2. Nf3 Nc6 3. Bb5 a6 4. Ba4 Nf6 5. d3 b5 6. Bb3 Bc5 7. Bg5 h6 8. Bh4 d6 9. c3 Bb6 10. a4 Rb8 11. Nbd2 g5 12. Bg3 Qe7 13. O-O Rg8 14. axb5 axb5 15. d4 h5 16. dxe5 dxe5 17. Bd5 Bd7 18. Bxc6 Bxc6 19. Bxe5 g4 20. Nd4 Qxe5 21. Nxc6 Qd6 22. Nxb8 h4 23. e5 Qc5 24. exf6 g3 25. Qe2+ Kf8 26. Qe7+ Qxe7 27. fxe7+ Kxe7 28. Nc6+ 1-0

[Event "December 5 Early 2023"]
[Site "https://www.chess.com"]
[Date "2023.12.05"]
[Round "5"]
[White "Halkias, Stelios"]
[Black "Jaskolka, Tomasz"]
[Result "1/2-1/2"]
[Board "70"]
[TimeControl "180+1"]
[WhiteFideId "4201809"]
[BlackFideId "1170791"]
[WhiteElo "2774"]
[BlackElo "2549"]
[WhiteTeam "GRE"]
[BlackTeam "POL"]
[WhiteClock "0:00:03"]
[BlackClock "0:00:04"]

1. Nf3 Nf6 2. c4 d6 3. d4 Nbd7 4. Nc3 e5 5. e4 c6 6. Be2 Qc7 7. O-O Be7 8. Be3 h6 9. Rc1 O-O 10. h3 Re8 11. d5 Nf8 12. b4 a5 13. a3 axb4 14. axb4 g5 15. c5 Ng6 16. cxd6 Qxd6 17. Bc5 Qd8 18. Qb3 cxd5 19. exd5 Nf4 20. Bb5 Bd7 21. d6 Bf8 22. Bc4 Be6 23. Nxe5 b6 24. d7 Nxd7 25. Nxd7 Qxd7 26. Bxf8 Kxf8 27. Rfe1 Qc6 28. Ne4 b5 29. Bxe6 Qxe6 30. Qb2 Qe5 31. Qxe5 Rxe5 32. Ng3 Rae8 33. Rxe5 Rxe5 34. Kf1 Nd3 35. Rc8+ Kg7 36. Ne2 Nxb4 37. g3 Nd3 38. Nd4 b4 39. Rb8 Re1+ 40. Kg2 Re4 41. Nf5+ Kg6 42. g4 Re2 43. Rb6+ f6 44. Rb7 Rxf2+ 45. Kg3 Rxf5 46. gxf5+ Kxf5 47. Kf3 Ne5+ 48. Ke3 Nc6 49. Rb6 Ne5 50. Rxb4 h5 51. Rb5 g4 52. hxg4+ hxg4 53. Kf2 Kf4 54. Rb4+ Kg5 55. Kg3 f5 56. Ra4 Ng6 57. Ra5 Ne7 58. Ra8 Nd5 59. Rg8+ Kf6 60. Rd8 Ke5 61. Re8+ Kf6 62. Rd8 Nc3 63. Rd3 Ne2+ 64. Kf2 Nf4 65. Ra3 Kg5 66. Ra8 Nd3+ 67. Ke3 Ne5 68. Rg8+ Ng6 69. Kf2 f4 70. Rg7 Kf5 71. Rf7+ Ke4 72. Rg7 Ne5 73. Rg5 Kd4 74. Rf5 Ke4 75. Rg5 Kd4 76. Rf5 g3+ 77. Kg2 Ke4 78. Rf8 Ng6 79. Rf6 Ne5 80. Rf8 Ng6 81. Re8+ Kf5 82. Rg8 Nh4+ 83. Kh3 Nf3 84. Kg2 Ng5 85. Rf8+ Kg4 86. Rg8 f3+ 87. Kf1 Kf4 88. Kg1 f2+ 89. Kg2 Ne4 90. Rf8+ Ke3 91. Rf3+ Ke2 92. Rf8 Ke1 93. Rf3 Ke2 94. Rf8 Ke3 95. Re8 Kf4 96. Rf8+ Kg4 97. Rg8+ Ng5 98. Rg7 Kf4 99. Rg8 Ne4 100. Rf8+ 1/2-1/2

[Event "December 5 Early 2023"]
[Site "https://www.chess.com"]
[Date "2023.12.05"]
[Round "5"]
[White "Tologon tegin, Semetei"]
[Black "Starozhilov, Leonid"]
[Result "1-0"]
[Board "71"]
[TimeControl "180+1"]
[WhiteFideId "13800574"]
[BlackFideId "14106752"]
[WhiteElo "2563"]
[BlackElo "2763"]
[WhiteTeam "KGZ"]
[BlackTeam "UKR"]
[WhiteClock "0:00:29"]
[BlackClock "0:00:03"]

1. Nf3 Nf6 2. e3 g6 3. d4 Bg7 4. Be2 O-O 5. O-O d6 6. c4 Nc6 7. Nc3 e5 8. Qc2 Bf5 9. Qb3 exd4 10. Nxd4 Nxd4 11. exd4 c6 12. Qxb7 Ne4 13. Qxc6 Re8 14. Be3 Rc8 15. Qa6 Rb8 16. Nxe4 Bxe4 17. b3 Qc7 18. Rfe1 Bb7 19. Qa3 Re7 20. Rad1 Rbe8 21. Bf1 Bh6 22. b4 a6 23. Qc3 Bg7 24. Qd2 Qb6 25. d5 Qc7 26. c5 Re4 27. c6 Bc8 28. a4 f5 29. b5 axb5 30. axb5 f4 31. Bxf4 Qb6 32. Rxe4 Rxe4 33. Bxd6 Bd4 34. Bg3 Bg4 35. Re1 Bf5 36. Rxe4 Bxe4 37. Qf4 Bf5 38. Qb8+ 1-0

[Event "December 5 Early 2023"]
[Site "https://www.chess.com"]
[Date "2023.12.05"]
[Round "5"]
[White "Zou, Chen"]
[Black "Osmak, Yuliia"]
[Result "1-0"]
[Board "72"]
[TimeControl "180+1"]
[WhiteFideId "8610959"]
[BlackFideId "14101602"]
[WhiteElo "2732"]
[BlackElo "2548"]
[WhiteTeam "CHN"]
[BlackTeam "UKR"]
[WhiteClock "0:01:00"]
[BlackClock "0:00:00"]

1. Nf3 d5 2. e3 Nf6 3. b3 c6 4. Bb2 Bf5 5. g3 e6 6. Bg2 h6 7. d3 Bd6 8. O-O Bh7 9. Nbd2 O-O 10. a3 Nbd7 11. Re1 e5 12. e4 Re8 13. h3 Qb6 14. Nh2 Rad8 15. Qe2 a5 16. Rab1 Qc7 17. Rbd1 Bc5 18. Kh1 Qd6 19. a4 Nf8 20. Qf1 Qc7 21. Nhf3 d4 22. Nh4 b5 23. Ra1 N6d7 24. Nf5 Ne6 25. h4 Ra8 26. Qe2 Nb6 27. Bc1 bxa4 28. bxa4 Bb4 29. Rf1 Bc3 30. Ra2 Nc5 31. Qg4 Bxf5 32. exf5 f6 33. Ne4 Nxe4 34. Bxe4 Kh8 35. f4 Qf7 36. Ra3 Bb4 37. Rb3 Nxa4 38. Bxc6 Nc5 39. Rb1 Rac8 40. Bxe8 Rxe8 41. fxe5 Rxe5 42. Bf4 Re8 43. Qf3 Rc8 44. Rf2 Na4 45. Ra1 Nc3 46. Bd2 Nd5 47. Bxb4 axb4 48. Rb1 Ne3 49. Rxb4 Rxc2 50. Rxc2 Nxc2 51. Rb8+ Kh7 52. Qa8 1-0

[Event "December 5 Early 2023"]
[Site "https://www.chess.com"]
[Date "2023.12.05"]
[Round "5"]
[White "Kislinsky, Alexey"]
[Black "Thorfinnsson, Bjorn"]
[Result "1/2-1/2"]
[Board "73"]
[TimeControl "180+1"]
[WhiteFideId "14108801"]
[BlackFideId "2300982"]
[WhiteElo "2717"]
[BlackElo "2546"]
[WhiteTeam "CZE"]
[BlackTeam "ISL"]
[WhiteClock "0:00:32"]
[BlackClock "0:00:12"]

1. e4 e5 2. Nf3 Nc6 3. Bb5 Nge7 4. c3 d6 5. d4 Bd7 6. O-O Ng6 7. Re1 Be7 8. h3 O-O 9. Bf1 Kh8 10. Nbd2 f5 11. dxe5 Ncxe5 12. Nxe5 Nxe5 13. exf5 Bxf5 14. Nc4 Nxc4 15. Bxc4 c6 16. Bd3 Bxd3 17. Qxd3 d5 18. Be3 Bd6 19. Rad1 a6 20. c4 Bb4 21. Rf1 dxc4 22. Qxc4 Qe7 23. Rd4 c5 24. Re4 Qd6 25. a3 b5 26. Qe6 Qxe6 27. Rxe6 Ba5 28. Bxc5 Rfd8 29. b4 Bc7 30. Re7 Bd6 31. Bxd6 Rxd6 32. Rc1 h6 33. Rcc7 Rg6 34. g3 Rd8 35. h4 Kh7 36. Kg2 Rd5 37. Rcd7 Rxd7 38. Rxd7 Rc6 39. Ra7 Rd6 40. h5 Rc6 41. g4 Kg8 42. f3 Rd6 43. Kg3 Re6 44. Kf4 Rf6+ 45. Ke4 Re6+ 46. Kf4 Rf6+ 47. Kg3 Re6 48. Kf2 Rc6 49. Kg3 Rf6 50. f4 Rc6 51. Kh4 Rf6 52. f5 Rc6 53. Ra8+ Kf7 54. Rd8 Rc3 55. g5 Rc4+ 56. Kg3 hxg5 57. Rd7+ Kf6 58. Rd6+ Kxf5 59. Rxa6 Rc3+ 60. Kg2 Kg4 61. Ra5 Kxh5 62. Rxb5 Rxa3 63. Rd5 Rb3 64. b5 g6 65. Rc5 Kh4 66. Rc4+ g4 67. Rc5 g5 68. Rd5 Rb2+ 69. Kg1 Kh3 70. Rxg5 Rb1+ 71. Kf2 Rb2+ 72. Kg1 g3 73. Rh5+ Kg4 74. Rc5 Kf3 75. Rc3+ Kg4 76. Rc5 Kf3 77. Rc3+ Kg4 78. Rc5 1/2-1/2

[Event "December 5 Early 2023"]
[Site "https://www.chess.com"]
[Date "2023.12.05"]
[Round "5"]
[White "Estrada Nieto, Julian"]
[Black "Krysa, Leandro"]
[Result "0-1"]
[Board "74"]
[TimeControl "180+1"]
[WhiteFideId "5101018"]
[BlackFideId "116807"]
[WhiteElo "2513"]
[BlackElo "2715"]
[WhiteTeam "ESP"]
[BlackTeam "ARG"]
[WhiteClock "0:00:10"]
[BlackClock "0:00:32"]

1. e4 e5 2. Nf3 Nc6 3. Bb5 a6 4. Ba4 Nf6 5. O-O Be7 6. d3 b5 7. Bb3 O-O 8. a4 Bb7 9. Nc3 Nd4 10. Ba2 Nxf3+ 11. Qxf3 b4 12. Ne2 d5 13. Ng3 h6 14. Re1 Re8 15. Nf5 Bf8 16. a5 Kh7 17. h3 g6 18. Ng3 Bg7 19. Be3 Qd6 20. Rad1 Rad8 21. h4 h5 22. Bg5 c6 23. Rd2 Bc8 24. Nf1 Be6 25. Ne3 dxe4 26. dxe4 Qxd2 27. Rd1 Qxd1+ 28. Nxd1 Bg4 29. Qb3 Rxd1+ 30. Kh2 Be6 31. Qa4 Bxa2 32. Qxa2 Nxe4 33. Qxf7 Rf8 34. Qc4 Nxf2 35. Be3 Ng4+ 0-1

[Event "December 5 Early 2023"]
[Site "https://www.chess.com"]
[Date "2023.12.05"]
[Round "5"]
[White "Tan, Jonathan"]
[Black "Karthik Rajaa"]
[Result "1-0"]
[Board "75"]
[TimeControl "180+1"]
[WhiteFideId "5200482"]
[BlackFideId "25035215"]
[WhiteElo "2502"]
[BlackElo "2713"]
[WhiteTeam "PHI"]
[BlackTeam "IND"]
[WhiteClock "0:01:07"]
[BlackClock "0:00:50"]

1. d4 Nf6 2. Nc3 d5 3. Bf4 e6 4. Nb5 Bb4+ 5. c3 Ba5 6. a4 a6 7. b4 Nc6 8. Na3 Bb6 9. Nf3 Ne7 10. e3 Ng6 11. Bg3 Ne4 12. Qc2 a5 13. Bd3 Nxc3 14. bxa5 Bxa5 15. O-O Bd7 16. Nb5 Nxb5 17. axb5 c6 18. Bd6 Bc7 19. Bxc7 Rxa1 20. Bxd8 Rxf1+ 21. Kxf1 Kxd8 22. Bxg6 hxg6 23. b6 f6 24. Qxg6 Rg8 25. Qf7 1-0

[Event "December 5 Early 2023"]
[Site "https://www.chess.com"]
[Date "2023.12.05"]
[Round "5"]
[White "Krzywda, Andrzej"]
[Black "Poormosavi, Seyed Kian"]
[Result "1-0"]
[Board "76"]
[TimeControl "180+1"]
[WhiteFideId "1114565"]
[BlackFideId "12585807"]
[WhiteElo "2501"]
[BlackElo "2690"]
[WhiteTeam "POL"]
[BlackTeam "IRI"]
[WhiteClock "0:00:12"]
[BlackClock "0:00:55"]

1. e4 c6 2. d4 d5 3. e5 c5 4. Nf3 Bg4 5. dxc5 Nc6 6. c3 e6 7. Be3 Nge7 8. Bb5 Nf5 9. Qa4 Bxf3 10. Bxc6+ bxc6 11. Qxc6+ Ke7 12. Qb7+ Ke8 13. Qc6+ Ke7 14. Qb7+ Qd7 15. Bg5+ f6 16. exf6+ gxf6 17. Bxf6+ Kxf6 18. Qxd7 Bxg2 19. Rg1 Nh4 20. Nd2 Nf3+ 21. Nxf3 Bxf3 22. Rg3 Bh5 23. Re3 Re8 24. Qxa7 Bh6 25. Rh3 Kg6 26. Rg3+ Kf6 27. c6 Bf4 28. Qd4+ e5 29. Qxd5 Rd8 30. Qb5 Bxg3 31. hxg3 Bg4 32. c7 Rd6 33. Qc5 Ra6 34. f3 Bd7 35. Rd1 Rc6 36. Rd6+ Rxd6 37. Qxd6+ Be6 38. Qd8+ Kg7 39. Qe7+ Bf7 40. Qxe5+ Kg6 41. Qxh8 1-0

[Event "December 5 Early 2023"]
[Site "https://www.chess.com"]
[Date "2023.12.05"]
[Round "5"]
[White "Makhnev, Denis"]
[Black "Shishkov, Andrei"]
[Result "1-0"]
[Board "77"]
[TimeControl "180+1"]
[WhiteFideId "13707647"]
[BlackFideId "4500563"]
[WhiteElo "2681"]
[BlackElo "2491"]
[WhiteTeam "KAZ"]
[BlackTeam "EST"]
[WhiteClock "0:00:41"]
[BlackClock "0:00:02"]

1. Nf3 Nf6 2. c4 e6 3. g3 d5 4. Bg2 dxc4 5. Qa4+ Nbd7 6. Qxc4 c5 7. O-O a6 8. Qc2 b5 9. a4 Bb7 10. axb5 axb5 11. Rxa8 Qxa8 12. Na3 Bc6 13. Nh4 Qb7 14. Bxc6 Qxc6 15. d3 Be7 16. Qb3 b4 17. Nc4 O-O 18. Nf3 Ra8 19. Bg5 h6 20. Bxf6 Bxf6 21. Rc1 Qa4 22. Nfd2 Qxb3 23. Nxb3 Ra2 24. Ra1 Rxa1+ 25. Nxa1 Kf8 26. Nb3 Ke7 27. f4 Kd8 28. Kf2 Kc7 29. Kf3 Kc6 30. e4 Bd4 31. h4 h5 32. g4 hxg4+ 33. Kxg4 g6 34. h5 Nf6+ 35. Kg5 Nxh5 36. Nxd4+ cxd4 37. Ne5+ Kb5 38. Nxf7 Ka4 39. Ne5 Kb3 40. Nxg6 Ng3 41. f5 exf5 42. exf5 Nxf5 43. Kxf5 Kxb2 44. Ke4 Kc3 45. Ne5 b3 46. Nc4 b2 47. Nxb2 Kxb2 48. Kxd4 1-0